Map: Lerilak Crest

Players

Zedifii

  • Race: Protoss Protoss

MorN

  • Race: Protoss Protoss
  • League: Master

Spitz

  • Race: Terran Terran

Mariuslol

  • Race: Terran Terran
  • League: Master

VOD

Have the link to the VOD?

Description

Time

  • Played on: Nov. 23, 2015, 11:20 p.m.
  • Length: 8:54
Show
View Real Time Build Order
Export as new Build Order

Zedifii Protoss 

Build Orders:  

Get SALT Encoding   

  12  0:01  Probe (Chrono Boost)  
  13  0:12  Probe (Chrono Boost)  
  14  0:20  Pylon  
  14  0:25  Probe (Chrono Boost)  
  15  0:38  Probe (Chrono Boost)  
  16  0:44  Gateway  
  16  0:49  Probe (Chrono Boost)  
  17  0:59  Probe (Chrono Boost), Assimilator  
  18  1:05  Pylon  
  18  1:10  Probe (Chrono Boost)  
  19  1:20  Probe (Chrono Boost)  
  19  1:22  Gateway  
  20  1:30  Assimilator  
  20  1:31  Probe (Chrono Boost)  
  21  1:34  Zealot (Chrono Boost)  
  23  1:45  Cybernetics Core  
  23  1:47  Probe  
  24  1:59  Probe  
  24  2:02  Zealot (Chrono Boost)  
  26  2:11  Probe  
  26  2:12  Forge  
  26  2:13  Warp Gate  
  27  2:23  Pylon  
  27  2:48  Stalker (Chrono Boost), Zealot (Chrono Boost)  
  31  3:05  Nexus  
  31  3:15  Pylon  
  31  3:18  Pylon  
  31  3:21  Probe  
  32  3:32  Protoss Ground Weapons Level 1  
  32  3:33  Probe  
  33  3:42  Gateway  
  33  3:52  Probe  
  36  3:57  Sentry (Chrono Boost)  
  36  4:00  Sentry (Chrono Boost)  
  36  4:02  Gateway  
  38  4:04  Probe  
  39  4:16  Probe  
  40  4:20  Robotics Facility  
  40  4:23  Probe  
  40  4:28  Probe  
  40  4:33  Probe  
  41  4:44  Probe  
  41  4:45  Twilight Council  
  41  4:49  Pylon  
  42  4:54  Pylon  
  42  4:55  Probe  
  43  5:02  Photon Cannon  
  43  5:05  Probe  
  42  5:19  Charge  
  42  5:20  Probe, Photon Cannon  
  42  5:27  Pylon  
  43  5:31  Probe  
  43  5:35  Protoss Shields Level 1  
  44  5:41  Probe  
  44  5:44  Stalker, Assimilator  
  44  5:49  Adept  
  49  5:52  Probe  
  49  5:53  Sentry  
  52  5:58  Photon Cannon  
  52  6:02  Probe  
  52  6:03  Probe  
  54  6:11  Photon Cannon  
  54  6:15  Immortal, Probe  
  54  6:18  Probe  
  56  6:27  Assimilator  
  56  6:28  Probe  
  56  6:29  Probe  
  46  6:35  Zealot  
  46  6:36  Zealot  
  46  6:38  Photon Cannon  
  50  6:40  Zealot  
  50  6:44  Stalker  
  54  6:52  Robotics Facility  
  54  7:00  Probe  
  47  7:11  Probe  
  47  7:13  Stalker, Zealot  
  47  7:14  Zealot x2  
  49  7:17  Immortal  
  49  7:22  Probe  
  50  7:29  Photon Cannon  
  47  7:33  Probe  
  47  7:34  Photon Cannon  
  46  7:37  Zealot  
  43  7:47  Stalker x2  
  43  7:48  Zealot  
  42  8:07  Zealot  
  34  8:20  Stalker x2  
  34  8:21  Stalker  
  32  8:36  Stalker  
Show
View Real Time Build Order
Export as new Build Order

MorN Protoss 

Build Orders:  

Get SALT Encoding   

  12  0:00  SCV  
  13  0:12  SCV  
  14  0:17  Supply Depot  
  14  0:25  SCV  
  15  0:39  SCV  
  15  0:41  Barracks  
  16  0:44  Refinery  
  16  0:51  SCV  
  17  1:06  SCV  
  18  1:20  SCV  
  20  1:33  Marine  
  20  1:34  Orbital Command  
  20  1:43  Command Center  
  20  1:51  Marine  
  21  2:03  Factory  
  21  2:04  SCV  
  22  2:15  Supply Depot, Marine  
  23  2:37  SCV, Marine  
  24  2:47  Factory Tech Lab  
  24  2:48  Barracks  
  25  2:51  SCV  
  25  2:55  Orbital Command  
  25  2:56  Marine  
  26  3:03  SCV  
  27  3:06  Cyclone  
  27  3:12  Bunker  
  30  3:14  Refinery  
  30  3:15  SCV  
  31  3:20  Supply Depot  
  31  3:24  SCV  
  31  3:27  SCV  
  31  3:30  Marine  
  33  3:36  SCV  
  33  3:39  SCV  
  35  3:46  Factory Reactor  
  35  3:48  SCV  
  36  3:49  Stimpack  
  36  3:51  SCV  
  36  3:54  Barracks  
  37  3:59  Engineering Bay  
  37  4:00  SCV  
  38  4:05  Marine x2  
  38  4:06  SCV  
  41  4:12  SCV  
  42  4:18  Supply Depot, SCV  
  43  4:24  SCV  
  43  4:30  SCV  
  45  4:35  Marine  
  45  4:36  SCV  
  47  4:40  Starport, Missile Turret  
  47  4:42  SCV  
  47  4:44  Barracks Tech Lab, Factory Reactor  
  48  4:48  SCV  
  48  4:51  Marine x2  
  51  4:53  Marine  
  51  4:55  SCV  
  53  5:00  SCV  
  53  5:06  Supply Depot  
  53  5:07  SCV  
  55  5:10  Marine x2  
  55  5:11  Marauder, Marine  
  55  5:12  SCV  
  61  5:27  SCV x2  
  63  5:28  Marine  
  63  5:29  Supply Depot, Refinery, Marauder  
  63  5:30  Terran Infantry Weapons Level 1  
  63  5:33  Supply Depot  
  63  5:34  Medivac x2  
  70  5:38  Factory Reactor  
  70  5:44  Command Center  
  70  5:50  Marine  
  70  5:51  SCV x2, Marauder, Marine  
  70  5:55  Supply Depot  
  76  6:03  SCV x2  
  78  6:06  Refinery, Medivac  
  78  6:07  Medivac  
  82  6:15  SCV  
  82  6:17  Supply Depot, Widow Mine x2  
  83  6:31  SCV x2  
  80  6:33  Supply Depot  
  80  6:35  Marine x2  
  80  6:36  Marauder x2  
  80  6:38  Barracks  
  86  6:40  Barracks  
  86  6:46  Medivac x2  
  90  6:47  SCV  
  90  6:49  Supply Depot  
  90  6:53  Marine x2  
  93  6:57  Marauder, Marine  
  93  7:01  Combat Shields, Orbital Command  
  86  7:11  Marine x2  
  90  7:15  Marauder  
  90  7:19  Marauder  
  92  7:29  Marine x2  
  92  7:33  Barracks Reactor, Barracks Tech Lab  
  92  7:34  Widow Mine x2, Medivac x2  
  102  7:37  Marauder  
  102  7:38  Supply Depot  
  102  7:40  Marine  
  102  7:49  Marine x2  
  104  7:52  SCV  
  104  7:56  Orbital Command  
  104  7:58  Marauder x2  
  109  8:03  Marine  
  110  8:06  Concussive Shells  
  110  8:07  Marine  
  109  8:17  Marine  
  109  8:18  Marine  
  109  8:19  Marauder x2, Marine  
  116  8:22  Marauder  
  116  8:24  Marine  
  114  8:35  Marine x2  
  123  8:53  Armory, Engineering Bay  
Show
View Real Time Build Order
Export as new Build Order

Spitz Terran 

Build Orders:  

Get SALT Encoding   

Show
View Real Time Build Order
Export as new Build Order

Mariuslol Terran 

Build Orders:  

Get SALT Encoding   

Tags
 
Add a new tag
Caveats
  • Supply blocks, unpowered buildings, or Contaminate may cause inaccurate times.
  • Supply counts are checked every 10 seconds.